 Dungeon Crawl Stone Soup version 0.24-a0-181-gd121a6d (webtiles) character file.

Game seed: 12714312825537980395

25 Dfrag the Firebug (level 2, -5/19 HPs)
             Began as a Demonspawn Fire Elementalist on Mar 14, 2019.
             Slain by Robin
             ... wielding a +0 whip
              (8 damage)
             ... on level 2 of the Dungeon.
             The game lasted 00:01:43 (851 turns).

Dfrag the Firebug (Demonspawn Fire Elementalist)     Turns: 851, Time: 00:01:44

Health: -5/19      AC:  3    Str:  8    XL:     2   Next: 86%
Magic:  3/5        EV: 12    Int: 16    God:
Gold:   38         SH:  0    Dex: 13    Spells: 4/5 levels left

rFire    . . .     SeeInvis .   k - +0 dagger
rCold    . . .     Gourm    .   (no shield)
rNeg     . . .     Faith    .   a - +0 robe
rPois    .         Spirit   .   (no helmet)
rElec    .         Reflect  .   (no cloak)
rCorr    .         Harm     .   b - +0 pair of gloves
MR       .....                  (no boots)
Stlth    ++........             (no amulet)
HPRegen  0.06/turn              (no ring)
MPRegen  0.09/turn              (no ring)

@: no status effects
A: sturdy frame 1
a: no special abilities


You were on level 2 of the Dungeon.
You were not hungry.

You visited 1 branch of the dungeon, and saw 2 of its levels.

You collected 38 gold pieces.

Inventory:

Hand Weapons
 k - a +0 dagger (weapon)
Armour
 a - a +0 robe (worn)
 b - a +0 pair of gloves (worn)
Scrolls
 f - a scroll of blinking {unknown}
 g - a scroll of identify {unknown}
 h - a scroll of remove curse {unknown}
 i - a scroll of amnesia {unknown}
Potions
 e - a potion of agility {unknown}
 j - a potion of resistance {unknown}
Comestibles
 c - 2 rations


   Skills:
 - Level 1.7 Dodging
 - Level 1.7 Stealth
 + Level 2.4 Spellcasting
 + Level 1.8 Conjurations
 + Level 3.0 Fire Magic


You had 4 spell levels left.
You knew the following spells:

 Your Spells              Type           Power        Failure   Level  Hunger
a - Flame Tongue          Conj/Fire      #....        7%          1    #......

Your spell library contained the following spells:

 Spells                   Type           Power        Failure   Level  Hunger
 Throw Flame              Conj/Fire      #.....       11%         2    ###....
 Conjure Flame            Conj/Fire      #.......     22%         3    ###....
 Inner Flame              Hex/Fire       #.......     32%         3    ###....
 Sticky Flame             Conj/Fire      #.......     56%         4    #####..
 Fireball                 Conj/Fire      #.........   89%         5    ######.


Dungeon Overview and Level Annotations

Branches:
Dungeon (2/15)

Altars:

Annotations:
D:2 Robin, Sigmund


Innate Abilities, Weirdness & Mutations

Your movements are slightly less encumbered by armour. (ER -2)


Message History

Casting: Flame Tongue (safe; 8% risk of failure)
Confirm with . or Enter, or press ? or * to list all spells.
Aiming: Flame Tongue (safe; 8% risk of failure)
Press: ? - help, Shift-Dir - straight line, f/p - goblin
Aim: a goblin (severely wounded, unusually strong)
The flame tongue hits the goblin.
You kill the goblin!
The hobgoblin no longer looks unusually strong.
The goblin closely misses you. The hobgoblin closely misses you.
The hobgoblin barely misses you. The goblin barely misses you.
The hobgoblin barely misses you.
Unknown command.
The hobgoblin barely misses you. The goblin hits you.
* * * LOW HITPOINT WARNING * * *
You see here a goblin corpse.
The goblin misses you. Robin throws the goblin at you!
You see here a scale mail.
The goblin closely misses you. Robin hits you with a +0 whip!
You die...

######## #......#
#..†...# #...[g.#
#..gg..# #...ggg#
######### #....@.#
#.......# #......#
#.......# #......#
#.......# #....).#
#.......#
#####.####......<#
#.....####...#####.
#.....####.........
#..........#......<
#.....##...........


You could see Robin, 3 hobgoblins and 2 goblins.

Vanquished Creatures
  2 giant cockroaches (D:1)
  8 goblins
  A hobgoblin (D:1)
  A jackal (D:1)
  A quokka (D:2)
  4 bats
  2 frilled lizards
  2 kobolds
  3 rats
24 creatures vanquished.

Notes
Turn   | Place    | Note
-------+----------+-------------------------------------------
     0 | D:1      | Dfrag the Demonspawn Fire Elementalist began the quest for
                  | the Orb.
     0 | D:1      | Reached XP level 1. HP: 13/13 MP: 3/3
   228 | D:1      | Gained mutation: Your movements are slightly less
                  | encumbered by armour. (ER -2) [demonic ancestry]
   228 | D:1      | Reached XP level 2. HP: 6/19 MP: 0/5
   381 | D:1      | Reached skill level 3 in Fire Magic
   427 | D:2      | Noticed Sigmund
   797 | D:2      | Noticed Robin
   851 | D:2      | Slain by Robin

Levels and vault maps discovered:
D:1:      saegor_arrival_simple_e, layout_basic
D:2:      layout_rooms, uniq_robin, uniq_sigmund

Skill      XL: |  1  2 |
---------------+-------+-----
Fire Magic     | 3 |  3.0
Dodging        | |  1.7
Stealth        | |  1.7
Spellcasting   | |  2.4
Conjurations   | |  1.8

Action                   || total
-------------------------++-------
Melee: Unarmed           ||    42
       Dagger            ||     3
 Cast: Flame Tongue      ||    36
  Use: Potion            ||     1
Armor: Robe              ||    20
Dodge: Dodged            ||    82

Table legend:
 A = Non-vault XP
 B = Vault XP
 C = Vault XP percentage of total XP
 D = Non-vault monster count
 E = Vault monster count
 F = Vault count percentage of total count
                 A         B        C        D         E       F
            +---------+---------+-------+---------+---------+-------
      Total |      31 |       6 |  16.2 |      21 |       3 |  12.5
            +---------+---------+-------+---------+---------+-------
        D:1 |      25 |       0 |   0.0 |      16 |       0 |   0.0
        D:2 |       6 |       6 |  50.0 |       5 |       3 |  37.5
            +---------+---------+-------+---------+---------+-------
